 Dungeon Crawl Stone Soup version 0.31.0-12-g77e489cdc1 (webtiles) character file.

Game seed: 13874690740940949074

46698 lordive the Unseen (level 14, -1/68 HPs)
             Began as a Spriggan Enchanter on Feb 29, 2024.
             Was the Champion of Okawaru.
             Drowned by a drowned soul (16 damage)
             ... summoned by a merfolk avatar
             ... on level 5 of the Lair of Beasts.
             The game lasted 00:58:03 (19017 turns).

lordive the Unseen (Spriggan Enchanter)            Turns: 19017, Time: 00:58:05

Health: -1/68      AC: 10    Str:  2    XL:     14   Next: 5%
Magic:  29/31      EV: 26    Int: 33    God:    Okawaru [******]
Gold:   1043       SH:  0    Dex: 24    Spells: 22/38 levels left

rFire   + . .        P - +6 rapier "Vusasez" {drain, rF+ Str-2 Int+7 Dex+3}
rCold   . . .        (no shield)
rNeg    . . .        i - +0 steam dragon scales
rPois   .            Q - +4 hat of the Fletcher {Int+4}
rElec   .            w - +0 cloak
rCorr   +            (gloves unavailable)
SInv    +            (boots unavailable)
Will    ++...        (no amulet)
Stlth   +++          t - ring of resist corrosion
HPRegen 0.31/turn    D - +6 ring of dexterity
MPRegen 0.22/turn

%: no passive effects
@: confusing by touch, slow
A: very small, no large weapons, unfitting armour, see invisible, speed 3
a: Renounce Religion, Heroism, Finesse, Duel


You were on level 5 of the Lair of Beasts.
You worshipped Okawaru.
Okawaru was exalted by your worship.
You visited 3 branches of the dungeon, and saw 16 of its levels.
You also visited: Bailey and Volcano.

You collected 1043 gold pieces.

Inventory:

Hand Weapons
 a - a +1 dagger
 y - a +2 short sword of draining
 P - the +6 rapier "Vusasez" (weapon) {drain, rF+ Str-2 Int+7 Dex+3}
   (Okawaru gifted it to you on level 3 of the Lair of Beasts)

   Str-2:     It affects your strength (-2).
   Int+7:     It affects your intelligence (+7).
   Dex+3:     It affects your dexterity (+3).
   rF+:       It protects you from fire.
Missiles
 n - 3 throwing nets (quivered)
Armour
 i - +0 steam dragon scales (worn)
 w - a +0 cloak (worn)
 z - +0 acid dragon scales
 H - a +0 troll leather armour
 Q - the +4 hat of the Fletcher (worn) {Int+4}
   (Okawaru gifted it to you on level 3 of the Lair of Beasts)

   Int+4:     It affects your intelligence (+4).
Magical Staves
 j - a staff of alchemy
Jewellery
 q - a ring of poison resistance
 t - a ring of resist corrosion (left hand)
 D - a +6 ring of dexterity (right hand)
 M - a ring of positive energy
 N - a ring of protection from fire
Talismans
 r - a flux talisman
 x - a serpent talisman
Wands
 m - a wand of flame (50)
 s - a wand of polymorph (16)
 A - a wand of digging (8)
Scrolls
 b - a scroll of butterflies
 d - 2 scrolls of amnesia
 e - 9 scrolls of teleportation
 f - 2 scrolls of blinking
 g - 3 scrolls of fog
 l - 3 scrolls of vulnerability
 u - a scroll of enchant weapon
 I - a scroll of fear {unknown}
 J - a scroll of revelation {unknown}
 L - a scroll of brand weapon {unknown}
 O - a scroll of noise {unknown}
 R - a scroll of poison {unknown}
Potions
 c - 3 potions of invisibility
 h - 5 potions of curing
 k - 4 potions of attraction
 p - 4 potions of haste
 C - a potion of resistance
 E - 2 potions of magic
 F - 2 potions of berserk rage
 G - 2 potions of heal wounds
 K - 2 potions of mutation


   Skills:
 * Level 5.2 Fighting
 * Level 11.1 Short Blades
 * Level 3.5 Armour
 * Level 9.1 Dodging
 - Level 15.1 Stealth
 + Level 12.5 Spellcasting
 + Level 12.0 Hexes
 * Level 7.1 Translocations
 - Level 1.0 Ice Magic
 * Level 12.0 Shapeshifting


You had 22 spell levels left.
You knew the following spells:

 Your Spells              Type           Power      Damage    Failure   Level
a - Ensorcelled Hibernat  Hex/Ice        100%       N/A       1%          2
b - Confusing Touch       Hex            79%        N/A       1%          3
c - Tukima's Dance        Hex            79%        N/A       1%          3
d - Dazzling Flash        Conj/Hex       100%       N/A       1%          3
e - Lesser Beckoning      Tloc           100%       N/A       1%          2
f - Teleport Other        Tloc           61%        N/A       1%          3

Your spell library contained the following spells:

 Spells                   Type           Power      Damage    Failure   Level
 Slow                     Hex            100%       N/A       0%          1
 Gell's Gravitas          Tloc           61%        N/A       1%          3
 Sigil of Binding         Hex            79%        N/A       1%          3
 Scorch                   Fire           40%        2d6       3%          2
 Hailstorm                Conj/Ice       24%        3d7       5%          3
 Vampiric Draining        Necr           20%        2d7       7%          3
 Dispersal                Tloc           30%        N/A       19%         6
 Flame Wave               Conj/Fire      20%        2d7       22%         4
 Summon Ice Beast         Ice/Summ       Unusable   N/A       N/A         3
 Sculpt Simulacrum        Ice/Alch       Unusable   N/A       N/A         6
 Summon Cactus Giant      Summ           Unusable   N/A       N/A         6

Dungeon Overview and Level Annotations

Branches:
Dungeon (10/15)            Temple (1/1) D:6            Lair (5/5) D:9
 Shoals (0/4) Lair:3        Snake (0/4) Lair:2        Slime (0/5) Lair:4
    Orc (0/2) D:9          Bailey (visited)         Volcano (visited)

Altars:
Ashenzari
Cheibriados
Dithmenos
Elyvilon
Fedhas
Gozag
Hepliaklqana
Kikubaaqudgha
Makhleb
Nemelex Xobeh
Okawaru
Qazlal
Ru
Sif Muna
Trog
Uskayaw
Vehumet
Wu Jian
Xom
Yredelemnul
Zin
The Shining One

Shops:
D:2 =

Annotations:
Lair:5 3 runed translucent doors, mrw3rdna's ghost, journeyman TrSh


Innate Abilities, Weirdness & Mutations

You are very small and have problems with some larger weapons.
You are too small for most types of armour.
You have supernaturally acute eyesight. (SInv)
You cover ground extremely quickly. (Speed+++)


Message History

Your unstable footing causes you to fumble your attack.
You barely miss the merfolk avatar.
The merfolk avatar is lightly wounded.
You barely miss the merfolk avatar. Your punch misses the merfolk avatar.
The merfolk avatar is lightly wounded.
You hit the merfolk avatar but do no damage.
The merfolk avatar is lightly wounded.
The merfolk avatar chants a haunting song.
You resist with almost no effort.
Your unstable footing causes you to fumble your attack.
Your unstable footing causes you to fumble your attack.
Your unstable footing causes you to fumble your attack.
The merfolk avatar chants a haunting song.
You resist with some effort.
You closely miss the merfolk avatar.
The merfolk avatar is lightly wounded.
The drowned soul touches you. The drowned soul drowns you!
The drowned soul touches you. The drowned soul drowns you!
The merfolk avatar chants a haunting song.
You resist with almost no effort.
Your unstable footing causes you to fumble your attack.
Your unstable footing causes you to fumble your attack.
The drowned soul touches you. The drowned soul drowns you!
You hit the merfolk avatar but do no damage.
The drowned soul touches you. The drowned soul drowns you!
You are too injured to fight recklessly!
You are too injured to fight recklessly!
You are too injured to fight recklessly!
Your unstable footing causes you to fumble your attack.
The merfolk avatar chants a haunting song.
You resist with some effort.
Your unstable footing causes you to fumble your attack.
Your unstable footing causes you to fumble your attack.
You closely miss the merfolk avatar.
The merfolk avatar chants a haunting song.
You resist with almost no effort. The drowned soul touches you.
The drowned soul drowns you!
* * * LOW HITPOINT WARNING * * *
The drowned soul touches you. The drowned soul drowns you!
You die...

.....~~P~~~~~~~~.~..~~~~~P~~~~~..
.....~~~~~~~~~~~~#~~~~~~~~~~~~~~.
....~##~~#######.~##########~~~..
....~##~~~~8#⌠~.#~~~~ ⌠#.~~#~##~.
....~~~~~~#~#~~~~.~~ ~~#~~~~~~~~.
......~~#~~~#~~~.~~~~~ ~~~~~~~~.
.....##~~~#~.P.####~# ~~~~~##..
.....##~#~~~.~~#[)!!#~##~~~#~##..
....~~~~~.8~~~~'@m≈)~.~..~~~~.~~.
.....~~~~~..~~~'!≈≈!#..##~~~~~~~.
....~~~~#~~~~~~#()[)# ~P~~~##.†
.....##~#~#.#~.##~### ~.P~~##..
....~~.~#~~~#~~~ ~~~ ~~~~~~.~.
....~~~~~~#~#.~~~~~~~ ~~~~~~~..
....~.#~~~~8~⌠~~~~~~~~ ~~~#~##..
.....##~~#~#################~##~.
.....~~~~~~~~~~~~~.~~~~~~.~~P~...


You could see a merfolk avatar.

Vanquished Creatures
  Nessos (Lair:5)
  3 hydras
  A boulder beetle (Lair:3)
  4 death yaks
  3 skeletal warriors (Volcano)
  A skyshark (Lair:5)
  A sea snake (Lair:5)
  An anaconda skeleton (Volcano)
  2 harpies (Lair:5)
  An orc knight (Bailey)
  Pikel (D:8)
  An oklob plant (Lair:2)
  An orc sorcerer (Bailey)
  A manticore (D:9)
  An alligator skeleton (Volcano)
  A merfolk siren (Lair:3)
  3 elephants
  5 black mambas
  3 gargoyles (Volcano)
  A torpor snail (Lair:1)
  8 cane toads
  Maggie (D:10)
  4 rime drakes
  2 kobold demonologists
  3 komodo dragons (Lair:5)
  3 merfolk (Lair:3)
  2 trolls
  5 polar bears
  2 hornets (Lair:5)
  14 blink frogs
  A wind drake (Lair:5)
  2 dream sheep (Lair:1)
  3 slime creatures (Lair:4)
  7 wyverns
  6 basilisks
  31 yaks
  4 steam dragons
  An acid dragon (D:10)
  Edmund (D:5)
  2 ice beasts (D:7)
  15 water moccasins
  A swamp drake (D:9)
  A sky beast (D:6)
  2 laughing skulls (Volcano)
  2 black bears
  8 orc warriors
  6 wolves (Lair:3)
  An ogre (D:7)
  A phantom (D:6)
  3 centaurs
  2 kobold brigands (D:8)
  A weeping skull (Volcano)
  19 bullfrogs
  3 scorpions (D:6)
  13 wights
  4 killer bees (D:10)
  3 vampire bats (D:8)
  A spriggan skeleton (Volcano)
  11 howler monkeys
  A troll skeleton (Volcano)
  2 bombardier beetles
  5 jellies
  2 gnoll boudas
  2 hounds
  2 orc priests (D:9)
  Crazy Yiuf (D:6)
  An iguana (D:6)
  A sleepcap (D:6)
  Natasha (thrice) (D:2)
  7 orc wizards
  2 naga skeletons (Volcano)
  Robin (D:4)
  16 gnolls
  12 adders
  2 white imps (D:7)
  3 dart slugs
  36 orcs
  7 bats
  3 endoplasms
  3 giant cockroaches
  24 goblins
  15 hobgoblins
  8 kobolds
  4 quokkas
  10 ball pythons
  A frilled lizard (D:3)
  3 rats
412 creatures vanquished.

Notes
Turn   | Place    | Note
-------+----------+-------------------------------------------
     0 | D:1      | lordive the Spriggan Enchanter began the quest for the Orb.
     0 | D:1      | Reached XP level 1. HP: 9/9 MP: 5/5
   616 | D:2      | Reached XP level 2. HP: 12/13 MP: 7/7
   619 | D:2      | Learned a level 2 spell: Ensorcelled Hibernation
   805 | D:2      | Found Ililloum's Jewellery Emporium.
  1006 | D:2      | Noticed Natasha
  1011 | D:2      | Killed Natasha
  1012 | D:2      | Reached XP level 3. HP: 16/16 MP: 5/8
  1073 | D:2      | Noticed Natasha
  1080 | D:2      | Killed Natasha
  1081 | D:2      | Reached XP level 4. HP: 21/21 MP: 6/10
  1202 | D:2      | Noticed Natasha
  1207 | D:2      | Killed Natasha
  1338 | D:2      | Learned a level 3 spell: Confusing Touch
  1342 | D:2      | Learned a level 3 spell: Tukima's Dance
  1376 | D:2      | Reached skill level 1 in Ice Magic
  1420 | D:2      | Reached XP level 5. HP: 21/24 MP: 7/12
  2250 | D:3      | Found an opulent altar of Gozag.
  2687 | D:4      | Reached XP level 6. HP: 21/29 MP: 9/14
  2769 | D:4      | Reached skill level 5 in Hexes
  2978 | D:4      | Noticed Robin
  2979 | D:4      | Reached skill level 5 in Stealth
  3019 | D:4      | Killed Robin
  3154 | D:3      | Reached skill level 5 in Spellcasting
  3747 | D:5      | Entered Level 5 of the Dungeon
  3991 | D:5      | Reached skill level 6 in Stealth
  4076 | D:5      | Reached skill level 1 in Fighting
  4076 | D:5      | Reached XP level 7. HP: 7/33 MP: 3/15
  4246 | D:5      | Noticed Edmund
  4258 | D:5      | Killed Edmund
  4637 | D:6      | Reached skill level 1 in Shapeshifting
  4703 | D:6      | Reached skill level 7 in Stealth
  4780 | D:6      | Found a staircase to the Ecumenical Temple.
  4815 | Temple   | Entered the Ecumenical Temple
  4868 | Temple   | Became a worshipper of Warmaster Okawaru
  4994 | D:6      | Reached XP level 8. HP: 27/37 MP: 3/18
  5234 | D:6      | Reached * piety under Okawaru
  5437 | D:6      | Found a runed translucent door.
  5438 | D:6      | Noticed Crazy Yiuf
  5511 | D:6      | Reached skill level 8 in Stealth
  5743 | D:6      | Killed Crazy Yiuf
  5830 | D:7      | Reached skill level 5 in Short Blades
  6055 | D:7      | Reached skill level 9 in Stealth
  6102 | D:7      | Reached ** piety under Okawaru
  6108 | D:7      | Reached XP level 9. HP: 37/41 MP: 7/20
  6234 | D:7      | Reached skill level 5 in Shapeshifting
  6339 | D:7      | Reached skill level 10 in Stealth
  7054 | D:8      | You fall into a shaft and drop 2 floors!
  7054 | D:10     | Entered Level 10 of the Dungeon
  7057 | D:10     | Noticed Maggie
  7065 | D:10     | Killed Maggie
  7115 | D:10     | Reached skill level 11 in Stealth
  7198 | D:10     | Found a flagged portal.
  7243 | Bailey   | Entered a bailey
  7355 | Bailey   | Reached *** piety under Okawaru
  7452 | Bailey   | Noticed a kobold demonologist
  7459 | Bailey   | Noticed an orc knight
  7473 | Bailey   | Killed a kobold demonologist
  7492 | Bailey   | Killed an orc knight
  7493 | Bailey   | Reached XP level 10. HP: 7/46 MP: 13/23
  7712 | Bailey   | Reached **** piety under Okawaru
  7713 | Bailey   | Reached skill level 12 in Stealth
  7983 | Bailey   | Found an iron altar of Okawaru.
  7983 | Bailey   | Noticed an orc sorcerer
  8014 | Bailey   | Killed an orc sorcerer
  8028 | Bailey   | Identified the +5 war axe of Prudence {heavy, Will++}
  8096 | Bailey   | Reached XP level 11. HP: 52/52 MP: 23/25
  8191 | D:9      | Found a staircase to the Lair.
  8804 | D:8      | Found a burning altar of Makhleb.
  8806 | D:8      | Noticed Pikel
  8813 | D:8      | Killed Pikel
  9361 | D:8      | Reached skill level 13 in Stealth
  9448 | D:9      | Found an ancient bone altar of Kikubaaqudgha.
  9457 | D:9      | Found a radiant altar of Vehumet.
  9657 | D:9      | Reached ***** piety under Okawaru
  9828 | D:9      | Found a sparkling altar of Nemelex Xobeh.
 10006 | D:9      | Found a staircase to the Orcish Mines.
 10295 | D:9      | Reached skill level 10 in Spellcasting
 10865 | D:10     | Reached skill level 10 in Hexes
 11177 | D:10     | Found a hide-covered altar of Uskayaw.
 11218 | D:10     | Reached skill level 10 in Shapeshifting
 11512 | Lair:1   | Entered Level 1 of the Lair of Beasts
 11749 | Lair:1   | Reached skill level 14 in Stealth
 11820 | Lair:1   | Reached XP level 12. HP: 56/56 MP: 27/27
 11910 | Lair:1   | Reached skill level 1 in Armour
 12614 | Lair:2   | Received a gift from Okawaru
 12775 | Lair:1   | Learned a level 3 spell: Dazzling Flash
 12778 | Lair:1   | Learned a level 2 spell: Lesser Beckoning
 12782 | Lair:1   | Learned a level 3 spell: Teleport Other
 12871 | Lair:2   | Reached skill level 1 in Translocations
 13113 | Lair:2   | Found a staircase to the Snake Pit.
 13166 | Lair:2   | Reached skill level 15 in Stealth
 13262 | Lair:2   | Reached ****** piety under Okawaru
 13283 | Lair:2   | Received a gift from Okawaru
 13916 | Lair:2   | Reached skill level 10 in Short Blades
 14042 | Lair:3   | Noticed a six-headed hydra
 14048 | Lair:3   | Killed a six-headed hydra
 14204 | Lair:3   | Found a staircase to the Shoals.
 14208 | Lair:3   | Received a gift from Okawaru
 14442 | Lair:3   | Reached XP level 13. HP: 61/61 MP: 20/29
 14442 | Lair:3   | Acquired the +6 rapier "Vusasez" {drain, rF+ Str-2 Int+7
                  | Dex+3}
 14442 | Lair:3   | Received a gift from Okawaru
 14443 | Lair:3   | Acquired the +4 hat of the Fletcher {Int+4}
 14443 | Lair:3   | Received a gift from Okawaru
 15532 | Lair:4   | Reached skill level 5 in Translocations
 15678 | Lair:4   | Found a staircase to the Slime Pits.
 15900 | Lair:4   | Received a gift from Okawaru
 16399 | Lair:5   | Entered Level 5 of the Lair of Beasts
 16502 | Lair:5   | Found a dark tunnel.
 16514 | Volcano  | Entered a volcano
 17255 | Lair:5   | Noticed Nessos
 17342 | Lair:5   | Killed Nessos
 17359 | Lair:5   | Received a gift from Okawaru
 17547 | Lair:5   | Reached skill level 5 in Fighting
 18458 | Lair:5   | Received a gift from Okawaru
 18594 | Lair:5   | Found a runed translucent gate.
 18594 | Lair:5   | Found a runed translucent gate.
 18594 | Lair:5   | Found a runed translucent gate.
 18596 | Lair:5   | Noticed mrw3rdna's ghost (journeyman TrSh)
 18730 | Lair:5   | Reached XP level 14. HP: 68/68 MP: 27/31
 18988 | Lair:5   | Found the +7 captain's cutlass {speed, disarm}
 19017 | Lair:5   | Drowned by a drowned soul

Illustrated notes

Levels and vault maps discovered:
D:1:      dpeg_arrival_rooms_a, layout_loops_ring
D:2:      layout_rooms, serial_shops, shop, minmay_snake_closets, uniq_natasha
D:3:      layout_loops_ring, nicolae_gozag_cash_rules_everything_around_me
D:4:      layout_cave_pools, kennysheep_generic_room_12, uniq_robin
D:5:      layout_basic, uniq_edmund
D:6:      layout_cave_pools, minmay_temple_entry_trees,
          kennysheep_decorative_pillar, minmay_misc_feat_alley,
          corexii_item_surrounded_by_moat, uniq_crazy_yiuf_cottage
D:7:      layout_loops_ring, st_stairs_11
D:8:      layout_basic, mainiacjoe_overflow_24_doors, roderic_batcave,
          uniq_pikel
D:9:      layout_basic, mainiacjoe_overflow_catwalk_spiral,
          mainiacjoe_overflow_alcove_2, david_lair_generic, erik_orc_1
D:10:     layout_small_grid, nicolae_uskayaw_suspiria, enter_bailey_5,
          uniq_maggie
Temple:   compressed_dpeg_triangle_lava_temple
Lair:1:   layout_cave_pods, lemuel_fruit_fields
Lair:2:   layout_long_grid, minmay_snake_entry_six_corridors,
          minmay_lair_oklob_items
Lair:3:   layout_regular_city, elwin_shoals_entry_stream
Lair:4:   layout_cave_pods, minmay_slime_entry_pillars
Lair:5:   gammafunk_lair_ancient_temple, layout_big_grid,
          lightli_volcano_entry_magma_tube, gammafunk_ghost_hydra_chop,
          grunt_megastairs_2, uniq_nessos

Skill      XL: |  1  2  3  4  5  6  7  8  9 10 11 12 13 |
---------------+----------------------------------------+-----
Spellcasting   | 3 4 5 6 7 8 9 10 11 12 | 12.5
Dodging        | 3 4 6 7 9 |  9.1
Short Blades   | 2 3 4 5 6 8 9 10 11 | 11.1
Hexes          | 4 5 6 7 8 9 10 12 | 12.0
Ice Magic      | 1 |  1.0
Stealth        | 6 7 9 11 12 14 15 | 15.1
Fighting       | 1 3 4 5 |  5.2
Shapeshifting  | 2 4 6 9 10 11 12 | 12.0
Armour         | 2 3 |  3.5
Translocations | 4 7 |  7.1

Action                     |  1- 3 |  4- 6 |  7- 9 | 10-12 | 13-15 || total
---------------------------+-------+-------+-------+-------+-------++-------
  Melee: Dagger            |    45 |   100 |   144 |   320 |       ||   609
         Punch             |     1 |     1 |       |     5 |     3 ||    10
         Rapier            |       |       |       |       |   229 ||   229
   Cast: Ensorcelled Hiber |    13 |    79 |    85 |   214 |    79 ||   470
         Confusing Touch   |       |     2 |    11 |    22 |    31 ||    66
         Dazzling Flash    |       |       |       |       |     2 ||     2
 Invoke: Receive Weapon    |       |       |       |       |     1 ||     1
         Receive Armour    |       |       |       |       |     1 ||     1
    Use: Potion            |       |       |       |     1 |       ||     1
         Scroll            |       |       |       |       |    17 ||    17
   Stab: Sleeping          |    13 |    61 |    65 |   144 |    56 ||   339
         Confused          |       |     1 |    11 |    25 |    28 ||    65
         Distracted        |       |       |       |     2 |       ||     2
 Armour: Robe              |    14 |    52 |    44 |     2 |       ||   112
         Acid dragon scale |       |       |       |    81 |       ||    81
         Troll leather arm |       |       |       |    81 |    58 ||   139
         Steam dragon scal |       |       |       |       |    28 ||    28
  Dodge: Dodged            |    35 |    93 |   106 |   253 |   105 ||   592
